 Dungeon Crawl Stone Soup version 0.31-a0-437-g7cee417757 (console) character file.

Game seed: 14723323341826257067

30973 Lexodia the Covert (level 13, -3/59 HPs)
             Began as a Felid Shapeshifter on Aug 2, 2023.
             Was a Follower of Uskayaw.
             Slain by an orc knight
             ... wielding a +2 great sword of freezing
              (27 damage)
             ... on level 1 of the Orcish Mines.
             The game lasted 01:12:51 (19419 turns).

Lexodia the Covert (Felid Shapeshifter)            Turns: 19419, Time: 01:12:52

Health: -3/59      AC:  3    Str: 11    XL:     13   Next: 23%
Magic:  0/22       EV: 33    Int: 10    God:    Uskayaw [*.....]
Gold:   1174       SH:  0    Dex: 21    Spells: 9/20 levels left
                                        Lives:  0   Deaths: 4

rFire   . .          .
                       - Unarmed
rCold   + . .        (shield unavailable)
rNeg    . . .        (body armour unavailable)
rPois   .            (helmet unavailable)
rElec   .            (cloak unavailable)
rCorr   .            (gloves unavailable)
SInv    +            (boots unavailable)
Will    +....        t - amulet of guardian spirit
Stlth   ++++++       K - +4 ring of slaying
HPRegen 0.29/turn    m - +5 ring of evasion
MPRegen 0.18/turn

%: guardian spirit
@: mighty, beast-form, marked, quick
A: beast (slay +5), very small, claws 1, fangs 3, see invisible, speed 1, shaggy
fur 3, stealthy paws, no weapons or thrown items, no armour, multi-lived
a: Begin Untransformation, Renounce Religion, Stomp


You were on level 1 of the Orcish Mines.
You worshipped Uskayaw.
Uskayaw was aware of your devotion.
You were a hulking beast.
You visited 4 branches of the dungeon, and saw 21 of its levels.

You collected 1650 gold pieces.
You spent 476 gold pieces at shops.

Inventory:

Jewellery
 i - a ring of flight
 l - a +6 ring of dexterity
 m - a +5 ring of evasion (right paw)
 t - an amulet of guardian spirit (around neck)
 u - a ring of protection from cold
 w - a ring of ice
 z - an amulet of magic regeneration
 B - a ring of resist corrosion
 G - a ring of wizardry
 I - a ring of positive energy
 K - a +4 ring of slaying (left paw)
 R - a +5 ring of evasion
Talismans
 b - a beast talisman (active)
 e - a blade talisman
Wands
 q - a wand of iceblast (10)
 y - a wand of paralysis (6)
 A - a wand of flame (41)
 D - a wand of light (4)
 L - a wand of polymorph (5)
 Q - a wand of mindburst (5)
Scrolls
 c - 3 scrolls of fear {unknown}
 f - a scroll of fog
 h - 3 scrolls of teleportation
 k - 4 scrolls of vulnerability
 n - 3 scrolls of immolation
 p - 2 scrolls of poison
 r - 3 scrolls of identify
 H - 2 scrolls of revelation
 J - a scroll of torment {unknown}
 M - a scroll of blinking {unknown}
 N - 2 scrolls of enchant armour {unknown}
 O - a scroll of brand weapon {unknown}
 P - a scroll of silence {unknown}
Potions
 a - 3 potions of lignification
 d - a potion of ambrosia
 g - a potion of invisibility
 j - 3 potions of attraction
 o - 3 potions of berserk rage
 s - a potion of might
 v - 8 potions of curing
 x - a potion of mutation {unknown}
 C - a potion of haste
 E - 4 potions of enlightenment
 F - a potion of brilliance


   Skills:
 + Level 8.3 Fighting
 + Level 12.3 Dodging
 + Level 14.3 Stealth
 + Level 13.1 Unarmed Combat
 - Level 4.0 Spellcasting
 - Level 10.0 Hexes
 - Level 1.0 Summonings
 - Level 4.0 Ice Magic
 + Level 11.4 Invocations
 - Level 4.0 Evocations
 - Level 7.2 Shapeshifting


You had 9 spell levels left.
You knew the following spells:

 Your Spells              Type           Power      Damage    Failure   Level
a - Ensorcelled Hibernat  Hex/Ice        32%        N/A       2%          2
b - Ozocubu's Armour      Ice            10%        N/A       14%         3
c - Tukima's Dance        Hex            22%        N/A       1%          3
d - Summon Guardian Gole  Hex/Summ       13%        N/A       8%          3

Your spell library contained the following spells:

 Spells                   Type           Power      Damage    Failure   Level
 Dazzling Flash           Conj/Hex       24%        N/A       10%         3
 Fulminant Prism          Conj/Hex       6%         3d7       32%         4
 Passwall                 Tmut/Erth      1%         N/A       36%         2
 Sublimation of Blood     Necr           2%         N/A       36%         2
 Wereblood                Tmut           2%         N/A       36%         2
 Swiftness                Air            2%         N/A       58%         3
 Volatile Blastmotes      Fire/Tloc      4%         2d10      58%         3
 Silence                  Hex/Air        6%         N/A       65%         5
 Yara's Violent Unravell  Hex/Tmut       6%         3d5       65%         5
 Iskenderun's Mystic Bla  Conj/Tloc      2%         2d3       94%         4
 Olgreb's Toxic Radiance  Pois           2%         N/A       94%         4
 Passage of Golubria      Tloc           2%         N/A       94%         4
 Petrify                  Tmut/Erth      2%         N/A       94%         4
 Agony                    Necr           2%         N/A       100%        5
 Irradiate                Conj/Tmut      1%         3d12      100%        5
 Orb of Destruction       Conj           1%         9d5       100%        7
 Ozocubu's Refrigeration  Ice            5%         4d8       100%        7
 Spellforged Servitor     Conj/Summ      1%         N/A       100%        7
 Discord                  Hex            11%        N/A       100%        8
 Ignition                 Fire           1%         3d3       100%        8


Dungeon Overview and Level Annotations

Branches:
Dungeon (14/15)            Temple (1/1) D:5            Lair (5/5) D:11
  Swamp (0/4) Lair:2        Snake (0/4) Lair:3        Slime (0/5) Lair:4
    Orc (1/2) D:12
 Vaults: D:13-14

Altars:
Ashenzari
Cheibriados
Dithmenos
Elyvilon
Fedhas
Gozag
Hepliaklqana
Kikubaaqudgha
Makhleb
Nemelex Xobeh
Okawaru
Qazlal
Ru
Sif Muna
Trog
Uskayaw
Vehumet
Wu Jian
Xom
Yredelemnul
Zin
The Shining One
Jiyva

Shops:
D:13 !

Portals:
Ice
Cave: Orc:1


Innate Abilities, Weirdness & Mutations

You are a hulking beast.
Your limbs bulge with bestial killing power. (Slay +5)
You have sharp claws.
You have razor-sharp teeth.
You have supernaturally acute eyesight. (SInv)
You cover ground quickly. (Speed+)
Your thick and shaggy fur keeps you warm. (AC +3, rC+)
Your paws help you pounce on unaware monsters.
You are incapable of wielding weapons or throwing items.
You cannot wear armour.
You gain extra lives every three experience levels.


Message History

The floor.
You scratch the orc warrior.
The orc warrior is moderately wounded.
The orc warrior completely misses you.
The orc priest calls down the wrath of Beogh upon you.
Beogh smites you! The orc warrior closely misses you.
An orc comes into view. It is wielding a +0 short sword.
A warg comes into view.
The orc knight closely misses you.
Damage: -14%(-8hp) hp: 73%(43hp) Unknown command.
Press: ? - help, v - describe, . - travel
Here: an orc knight, wielding a +0 halberd and wearing a +0 plate armour (lightly wounded)
The floor, spattered with blood.
Aiming: Grand Finale
Press: ? - help, Shift-Dir - straight line, f - warg
Aim: a warg The warg explodes violently!!
Something is hit by a flying piece of the warg!
The orc warrior is hit by a flying piece of the warg!
You blow up the warg!
An orc knight, an orc wizard and 3 orcs come into view.
The orc knight is wielding a +2 great sword of freezing.
An orc is wielding a +3 flail of distortion.
You can no longer merge with and destroy a victim.
The orc priest misses you. The orc warrior completely misses you.
An orc warrior comes into view. It is wielding a +0 battleaxe.
You mangle the orc priest!!
You kill the orc priest!
You barely miss the orc wizard. The orc warrior closely misses you.
The orc completely misses you. The orc wizard completely misses you.
An orc comes into view. It is wielding a +0 dagger.
The orc knight hits you with a +2 great sword of freezing!!
Huge Dmg: -34%(-20hp) hp: 39%(23hp)
You miss the orc wizard. You claw the orc wizard!
You kill the orc wizard!
The orc knight roars a battlecry!
The orcs go into a battle-frenzy!
The orc misses you. The orc warrior misses you. The orc completely misses you.
The orc knight hits you with a +2 great sword of freezing!!
You die...

##.##.....o
#.<))..#
#)()..##
#..)))..o##
#....).##o#
#..#...##..#
..#.#..#..o#
#.∩.#. #o)#
..#.#.. #oh#
#..#.....o)#
..##..oo#
#...o#
......#
..#...o#
.........
...#....^


You could see 2 orc knights, 4 orc warriors and 4 orcs.

Vanquished Creatures
  Josephine (Lair:4)
  Erolcha (D:12)
  Fannar (D:12)
  4 hydras
  4 catoblepae
  Erica (Lair:2)
  2 centaur warriors (D:13)
  2 two-headed ogres
  2 boulder beetles
  9 death yaks (Lair:5)
  Urug (Lair:2)
  2 skysharks
  2 orc knights
  4 manticores
  2 ugly things
  An oklob plant (D:11)
  4 cyclopes
  A salamander (Lair:3)
  A gargoyle (D:13)
  3 black mambas (Lair:5)
  8 elephants
  7 cane toads
  An unseen horror (D:12)
  12 komodo dragons
  9 rime drakes
  Psyche (D:11)
  A kobold demonologist (D:12)
  A tyrant leech (Lair:2)
  3 trolls
  7 polar bears
  4 dream sheep (Lair:4)
  8 blink frogs (Lair:2)
  Grinder (D:4)
  A vampire (D:12)
  5 wraiths
  2 shadows
  5 wyverns
  44 yaks
  6 basilisks
  13 steam dragons
  6 vampire mosquitoes
  3 swamp worms (Lair:2)
  A warg (Orc:1)
  A naga (Lair:3)
  14 water moccasins
  An ice beast (D:5)
  Pargi (D:3)
  3 black bears
  11 orc warriors
  A sky beast (D:7)
  8 ogres
  18 wolves
  7 centaurs
  A phantom (D:4)
  4 kobold brigands
  13 bullfrogs
  3 gnoll sergeants (D:12)
  4 scorpions
  13 wights
  3 killer bees (D:9)
  7 howler monkeys
  2 electric eels (D:9)
  Crazy Yiuf (D:5)
  11 orc priests
  7 jellies
  Natasha (twice) (D:4)
  A sleepcap (D:6)
  3 iguanas
  14 orc wizards
  3 gnolls
  9 adders
  2 shadow imps (D:7)
  3 worms
  5 dart slugs
  53 orcs
  8 bats
  10 endoplasms
  5 giant cockroaches
  6 goblins
  6 hobgoblins
  7 ball pythons
  A frilled lizard (D:2)
  12 kobolds
  2 rats
  A butterfly (Lair:1)
484 creatures vanquished.

Vanquished Creatures (others)
  A death yak (Lair:5)
  A komodo dragon (Lair:5)
  2 yaks (Lair:5)
  2 vampire mosquitoes (D:12)
6 creatures vanquished.

Grand Total: 490 creatures vanquished

Notes
Turn   | Place    | Note
-------+----------+-------------------------------------------
     0 | D:1      | Lexodia the Felid Shapeshifter began the quest for the Orb.
     0 | D:1      | Reached XP level 1. HP: 9/9 MP: 2/2
    47 | D:1      | Huge Dmg: 3 dmg
    49 | D:1      | Huge Dmg: 3 dmg
    81 | D:2      | Huge Dmg: 4 dmg
   104 | D:1      | Huge Dmg: 5 dmg
   105 | D:1      | Reached skill level 1 in Stealth
   105 | D:1      | Reached XP level 2. HP: 5/12 MP: 3/3
   321 | D:1      | Huge Dmg: 4 dmg
   324 | D:1      | Huge Dmg: 4 dmg
   582 | D:2      | Huge Dmg: 3 dmg
   644 | D:2      | Reached XP level 3. HP: 15/15 MP: 4/4
   659 | D:2      | Huge Dmg: 3 dmg
   774 | D:2      | Reached skill level 2 in Stealth
   792 | D:2      | Huge Dmg: 3 dmg
   965 | D:2      | Reached XP level 4. HP: 19/19 MP: 5/5
  1349 | D:3      | Huge Dmg: 4 dmg
  1358 | D:3      | Huge Dmg: 4 dmg
  1445 | D:3      | Noticed Pargi
  1455 | D:3      | Huge Dmg: 10 dmg
  1456 | D:3      | Huge Dmg: 3 dmg
  1924 | D:3      | Learned a level 2 spell: Ensorcelled Hibernation
  2018 | D:3      | Found an iron altar of Okawaru.
  2018 | D:3      | Found a shimmering altar of Xom.
  2018 | D:3      | Found a stormy altar of Qazlal.
  2023 | D:3      | Found a bloodstained altar of Trog.
  2105 | D:3      | Huge Dmg: 7 dmg
  2107 | D:3      | Killed Pargi
  2108 | D:3      | Reached skill level 3 in Stealth
  2108 | D:3      | Reached XP level 5. HP: 15/22 MP: 6/6
  2343 | D:4      | Reached skill level 4 in Stealth
  2368 | D:4      | Noticed Natasha
  2375 | D:4      | Huge Dmg: 7 dmg
  2380 | D:4      | Killed Natasha
  2381 | D:4      | Gained mutation: You are covered in thick fur. (AC +2)
                  | [Felid growth]
  2381 | D:4      | Reached XP level 6. HP: 25/25 MP: 7/7
  2508 | D:4      | Noticed Grinder
  2524 | D:4      | Huge Dmg: 5 dmg
  2524 | D:4      | Killed Grinder
  2571 | D:4      | Reached XP level 7. HP: 28/28 MP: 8/8
  2918 | D:5      | Entered Level 5 of the Dungeon
  2918 | D:5      | Found a staircase to the Ecumenical Temple.
  2924 | Temple   | Entered the Ecumenical Temple
  2934 | Temple   | Became a worshipper of Uskayaw the Reveller
  3023 | D:4      | Reached * piety under Uskayaw
  3024 | D:4      | Huge Dmg: 6 dmg
  3027 | D:4      | Reached ** piety under Uskayaw
  3029 | D:4      | Reached skill level 1 in Spellcasting
  3029 | D:4      | Reached skill level 1 in Invocations
  3066 | D:4      | Noticed Natasha
  3075 | D:4      | Killed Natasha
  3168 | D:5      | Reached *** piety under Uskayaw
  3169 | D:5      | Reached skill level 1 in Ice Magic
  3177 | D:5      | Reached **** piety under Uskayaw
  3250 | D:5      | Huge Dmg: 8 dmg
  3318 | D:5      | Reached skill level 5 in Hexes
  3559 | D:5      | Reached XP level 8. HP: 32/32 MP: 9/12
  4196 | D:5      | Found a runed translucent door.
  4197 | D:5      | Noticed Crazy Yiuf
  4521 | D:5      | Huge Dmg: 7 dmg
  4620 | D:5      | Huge Dmg: 7 dmg
  4774 | D:5      | Killed Crazy Yiuf
  4873 | D:6      | Huge Dmg: 7 dmg
  4941 | D:6      | Huge Dmg: 7 dmg
  5315 | D:6      | Reached skill level 5 in Stealth
  5593 | D:7      | Reached skill level 5 in Dodging
  5593 | D:7      | Reached XP level 9. HP: 34/37 MP: 11/13
  5602 | D:7      | Reached ***** piety under Uskayaw
  5842 | D:7      | Huge Dmg: 11 dmg
  5846 | D:7      | Reached skill level 6 in Stealth
  6067 | D:7      | Huge Dmg: 10 dmg
  6296 | D:7      | Found a sparkling altar of Nemelex Xobeh.
  6297 | D:7      | Found an opulent altar of Gozag.
  6352 | D:7      | Learned a level 3 spell: Ozocubu's Armour
  6704 | D:8      | Huge Dmg: 7 dmg
  6716 | D:8      | Huge Dmg: 16 dmg
  6718 | D:8      | Reached skill level 5 in Invocations
  6718 | D:8      | Slain by a wight
  6719 | D:8      | Reached XP level 8. HP: -4/34 MP: 0/12
  6743 | D:8      | Huge Dmg: 12 dmg
  6745 | D:8      | Huge Dmg: 9 dmg
  6746 | D:8      | Huge Dmg: 2 dmg
  6990 | D:9      | Huge Dmg: 11 dmg
  6992 | D:9      | Huge Dmg: 7 dmg
  7067 | D:8      | Noticed a two-headed ogre
  7075 | D:8      | Killed a two-headed ogre
  7076 | D:8      | Reached XP level 9. HP: 37/37 MP: 11/14
  7085 | D:8      | Slain by a wight
  7086 | D:8      | Reached XP level 8. HP: 0/32 MP: 0/13
  7366 | D:8      | Found a burning altar of Makhleb.
  7391 | D:8      | Huge Dmg: 11 dmg
  7606 | D:9      | Huge Dmg: 7 dmg
  7676 | D:9      | Reached XP level 9. HP: 34/38 MP: 7/14
  7769 | D:9      | Huge Dmg: 8 dmg
  8015 | D:9      | Found a glowing silver altar of Zin.
  8015 | D:9      | Noticed an angel
  8029 | D:9      | Identified the staff of the Spinneret {rElec rN+ rCorr SInv
                  | Conj}
  8301 | D:10     | Entered Level 10 of the Dungeon
  8331 | D:10     | Identified a scroll of acquirement
  8331 | D:10     | Acquired a book of the Senses
  8349 | D:10     | Huge Dmg: 9 dmg
  8663 | D:10     | Reached skill level 7 in Stealth
  8663 | D:10     | Reached skill level 5 in Shapeshifting
  8671 | D:10     | Huge Dmg: 8 dmg
  8677 | D:10     | Huge Dmg: 7 dmg
  8685 | D:10     | Reached XP level 10. HP: 13/42 MP: 0/16
  8685 | D:10     | Huge Dmg: 14 dmg
  8687 | D:10     | Huge Dmg: 8 dmg
  8826 | D:10     | Huge Dmg: 10 dmg
  8945 | D:10     | Huge Dmg: 10 dmg
  8948 | D:11     | Huge Dmg: 18 dmg
  9097 | D:11     | Noticed a boulder beetle
  9100 | D:11     | Killed a boulder beetle
  9211 | D:11     | You fall into a shaft and drop 2 floors!
  9220 | D:13     | Noticed a centaur warrior
  9238 | D:13     | Noticed a gargoyle
  9245 | D:13     | Huge Dmg: 10 dmg
  9248 | D:13     | Killed a gargoyle
  9377 | D:13     | Found Duwiebug's Distillery.
  9385 | D:13     | Bought a potion of heal wounds for 70 gold pieces
  9385 | D:13     | Bought a potion of heal wounds for 70 gold pieces
  9385 | D:13     | Bought a potion of curing for 42 gold pieces
  9385 | D:13     | Bought a potion of might for 56 gold pieces
  9385 | D:13     | Bought a potion of invisibility for 112 gold pieces
  9385 | D:13     | Bought a potion of enlightenment for 70 gold pieces
  9385 | D:13     | Bought a potion of brilliance for 56 gold pieces
  9420 | D:13     | Huge Dmg: 11 dmg
  9432 | D:13     | Huge Dmg: 10 dmg
  9595 | D:13     | Noticed a brown ugly thing
  9699 | D:11     | Noticed a manticore
  9706 | D:11     | Killed a manticore
  9707 | D:11     | Reached skill level 8 in Stealth
  9790 | D:11     | Noticed an oklob plant
  9794 | D:11     | Found a staircase to the Lair.
  9797 | D:11     | Killed an oklob plant
  9798 | D:11     | Reached skill level 10 in Unarmed Combat
  9826 | D:11     | Noticed Psyche
  9829 | D:11     | Killed Psyche
  9830 | D:11     | Reached skill level 5 in Fighting
  9956 | D:11     | Huge Dmg: 11 dmg
 10109 | D:11     | Noticed a cyclops
 10116 | D:11     | Killed a cyclops
 10244 | D:11     | Learned a level 3 spell: Tukima's Dance
 10248 | D:11     | Learned a level 3 spell: Summon Guardian Golem
 10283 | D:12     | Noticed a two-headed ogre
 10285 | D:12     | Killed a two-headed ogre
 10315 | D:12     | Reached XP level 11. HP: 48/48 MP: 18/18
 10344 | D:12     | Noticed a green ugly thing
 10350 | D:12     | Killed a green ugly thing
 10366 | D:12     | Huge Dmg: 30 dmg
 10375 | D:12     | Reached skill level 9 in Stealth
 10489 | D:12     | Found a stormy altar of Qazlal.
 10503 | D:12     | Noticed Erolcha
 10513 | D:12     | Huge Dmg: 13 dmg
 10530 | D:12     | Killed Erolcha
 10531 | D:12     | Huge Dmg: 12 dmg
 10535 | D:12     | Reached skill level 10 in Stealth
 10535 | D:12     | Reached ****** piety under Uskayaw
 10542 | D:12     | Huge Dmg: 9 dmg
 10543 | D:12     | HP: 1/48 [orc warrior/+2 heavy mace (19)]
 10544 | D:12     | Huge Dmg: 19 dmg
 10585 | D:12     | Huge Dmg: 14 dmg
 10828 | D:12     | Huge Dmg: 25 dmg
 10855 | D:12     | Identified the +1 robe of Virtue {Int+6}
 10869 | D:12     | Found a staircase to the Orcish Mines.
 10951 | D:12     | Huge Dmg: 10 dmg
 11053 | D:12     | Noticed Fannar
 11069 | D:12     | Killed Fannar
 11070 | D:12     | Reached skill level 1 in Evocations
 11387 | D:13     | Noticed a centaur warrior
 11390 | D:13     | Huge Dmg: 17 dmg
 11394 | D:14     | Huge Dmg: 28 dmg
 11560 | D:14     | Noticed an orc knight
 11568 | D:14     | Killed an orc knight
 11692 | D:13     | Noticed a white ugly thing
 11723 | D:13     | Huge Dmg: 9 dmg
 11725 | D:13     | Huge Dmg: 13 dmg
 11727 | D:13     | Huge Dmg: 13 dmg
 11734 | D:13     | Killed a centaur warrior
 11858 | D:13     | Huge Dmg: 15 dmg
 11871 | D:13     | Killed a white ugly thing
 11912 | D:13     | Huge Dmg: 19 dmg
 11922 | D:13     | Killed a centaur warrior
 11923 | D:13     | Gained mutation: Your thick and shaggy fur keeps you warm.
                  | (AC +3, rC+) [Felid growth]
 11923 | D:13     | Reached XP level 12. HP: 52/52 MP: 3/19
 11947 | D:13     | Huge Dmg: 20 dmg
 12140 | Lair:1   | Entered Level 1 of the Lair of Beasts
 12194 | Lair:1   | Huge Dmg: 9 dmg
 12388 | Lair:1   | Huge Dmg: 18 dmg
 12691 | Lair:1   | Huge Dmg: 10 dmg
 13264 | Lair:2   | Noticed a catoblepas
 13279 | Lair:2   | Killed a catoblepas
 13419 | Lair:2   | Noticed Urug
 13426 | Lair:2   | Killed Urug
 13428 | Lair:2   | Noticed a boulder beetle
 13436 | Lair:2   | Killed a boulder beetle
 13444 | Lair:2   | Huge Dmg: 12 dmg
 13454 | Lair:2   | Huge Dmg: 17 dmg
 13457 | Lair:2   | Reached skill level 10 in Invocations
 13458 | Lair:2   | Huge Dmg: 11 dmg
 13459 | Lair:2   | Huge Dmg: 3 dmg
 13464 | Lair:2   | Noticed Erica
 13468 | Lair:2   | Reached skill level 11 in Stealth
 13472 | Lair:2   | Killed Erica
 13705 | Lair:2   | Huge Dmg: 13 dmg
 13726 | Lair:2   | Huge Dmg: 12 dmg
 13730 | Lair:2   | Huge Dmg: 7 dmg
 13730 | Lair:2   | HP: 1/54 [steam dragon (4)]
 13731 | Lair:2   | Huge Dmg: 9 dmg
 13734 | Lair:2   | Killed from afar by a steam dragon
 13735 | Lair:2   | Reached XP level 11. HP: -7/50 MP: 0/19
 13783 | Lair:2   | Reached XP level 12. HP: 54/54 MP: 15/20
 13787 | Lair:2   | Noticed a six-headed hydra
 13796 | Lair:2   | Huge Dmg: 26 dmg
 13799 | Lair:2   | HP: 2/54 [six-headed hydra (11)]
 13800 | Lair:2   | Huge Dmg: 27 dmg
 13832 | Lair:2   | Killed a six-headed hydra
 13973 | Lair:2   | Noticed a seven-headed hydra
 14095 | Lair:2   | Found a staircase to the Swamp.
 14235 | Lair:2   | Huge Dmg: 18 dmg
 14236 | Lair:2   | Reached skill level 10 in Dodging
 14402 | Lair:2   | Killed a seven-headed hydra
 14403 | Lair:2   | Reached skill level 12 in Stealth
 14781 | Lair:3   | Huge Dmg: 14 dmg
 14865 | Lair:3   | Reached skill level 13 in Stealth
 15079 | Lair:3   | You fall into a shaft and drop 1 floor!
 15100 | Lair:4   | Huge Dmg: 16 dmg
 15159 | Lair:4   | Noticed Josephine
 15162 | Lair:4   | Huge Dmg: 18 dmg
 15163 | Lair:4   | Huge Dmg: 23 dmg
 15173 | Lair:5   | Entered Level 5 of the Lair of Beasts
 15308 | Lair:5   | Huge Dmg: 44 dmg
 15315 | Lair:5   | Huge Dmg: 4 dmg
 15347 | Lair:5   | Reached skill level 1 in Summonings
 15501 | Lair:5   | Huge Dmg: 11 dmg
 15511 | Lair:5   | Huge Dmg: 11 dmg
 15773 | Lair:5   | Noticed a death yak
 15775 | Lair:5   | Noticed a death yak
 15776 | Lair:5   | Noticed a death yak
 15776 | Lair:5   | Noticed a death yak
 15809 | Lair:5   | Huge Dmg: 17 dmg
 15813 | Lair:5   | Killed a death yak
 15814 | Lair:5   | Killed a death yak
 15814 | Lair:5   | Killed a death yak
 15815 | Lair:5   | Reached XP level 13. HP: 35/58 MP: 3/21
 16021 | Lair:5   | Huge Dmg: 17 dmg
 16261 | Lair:5   | Reached skill level 10 in Hexes
 16275 | Lair:5   | Huge Dmg: 20 dmg
 16279 | Lair:5   | Huge Dmg: 17 dmg
 16447 | Lair:5   | Huge Dmg: 15 dmg
 16454 | Lair:5   | Reached skill level 14 in Stealth
 16458 | Lair:5   | Huge Dmg: 11 dmg
 16577 | Lair:5   | Huge Dmg: 24 dmg
 16582 | Lair:5   | Huge Dmg: 24 dmg
 16583 | Lair:5   | Huge Dmg: 5 dmg
 16914 | Lair:5   | Huge Dmg: 16 dmg
 17527 | Lair:4   | Huge Dmg: 23 dmg
 17713 | Lair:4   | Huge Dmg: 14 dmg
 17792 | Lair:4   | Huge Dmg: 15 dmg
 17795 | Lair:4   | Huge Dmg: 15 dmg
 17798 | Lair:4   | Huge Dmg: 11 dmg
 17830 | Lair:4   | Huge Dmg: 11 dmg
 17833 | Lair:4   | HP: 2/58 [skyshark (5)]
 17834 | Lair:4   | Huge Dmg: 5 dmg
 17835 | Lair:4   | Huge Dmg: 1 dmg
 17853 | Lair:4   | Found a staircase to the Slime Pits.
 18053 | Lair:4   | Found a viscous altar of Jiyva.
 18291 | Lair:4   | Huge Dmg: 14 dmg
 18301 | Lair:4   | Huge Dmg: 27 dmg
 18303 | Lair:4   | Demolished by a catoblepas
 18304 | Lair:4   | Reached XP level 12. HP: -15/55 MP: 0/21
 18684 | Lair:4   | Killed Josephine
 18689 | Lair:4   | Reached XP level 13. HP: 53/58 MP: 19/22
 18731 | Lair:3   | Huge Dmg: 18 dmg
 19003 | Lair:3   | Found a staircase to the Snake Pit.
 19391 | Orc:1    | Entered Level 1 of the Orcish Mines
 19391 | Orc:1    | Found a frozen archway.
 19419 | Orc:1    | Huge Dmg: 20 dmg
 19419 | Orc:1    | Slain by an orc knight

Illustrated notes

Levels and vault maps discovered:
D:1:      mrwooster_arrival_statue_3, layout_rooms
D:2:      layout_loops_ring, kennysheep_nondescript
D:3:      layout_loops_corners, minitemple, uniq_pargi
D:4:      layout_loops_ring, hex_tiny, dk_noncrumbling_3, uniq_natasha,
          uniq_grinder
D:5:      minmay_chambers_of_threes, layout_basic,
          minmay_temple_entry_drinking_statues, nicolae_eternal_life,
          columned_hall_lemuel, kennysheep_cross_bottleneck,
          uniq_crazy_yiuf_cottage
D:6:      layout_basic
D:7:      layout_cave_pods, grunt_temple_overflow_opulence
D:8:      layout_rooms, nicolae_overflow_crystal_walls,
          corexii_leaking_fountain, nicolae_the_louvre
D:9:      layout_roguey, zin_angel, serial_bayou_lagoon_b
D:10:     layout_basic
D:11:     layout_roguey, dpeg_oklobed_lair, uniq_psyche
D:12:     layout_roguey, kennysheep_orc_monster_closet_entryway,
          nicolae_qazlal_general_emergency, uniq_erolcha, uniq_fannar
D:13:     layout_cave_pods, grunt_vaults_entry_fortified, serial_shops,
          nicolae_shop_industrial_runoff, kennysheep_generic_room_13
D:14:     layout_loops_corners, infiniplex_staircase_spiral
Temple:   nicolae_temple_great_sept
Lair:1:   layout_long_grid, serial_bayou_shore_b, infiniplex_staircase_pool,
          lemuel_fruit_fields
Lair:2:   layout_concentric_octagons, minmay_swamp_entry_worms,
          bobbens_dragon_lair_wall, uniq_urug, uniq_erica
Lair:3:   layout_roguey, alex1729_snake_entry_snake,
          chequers_serial_rivers_room_b, st_stairs_7, cheibrodos_lair_lostbears,
          grunt_megastairs_4
Lair:4:   layout_regular_city, nicolae_slime_entry_field_trip, uniq_josephine
Lair:5:   evilmike_catoblepas_cave, layout_loops_ring
Orc:1:    cheibrodos_orc_arena, layout_caves, serial_shops,
          nicolae_shop_tiny_glass, basic_altar, portal_ice_cave_entry_pillars_2,
          uniq_maurice

Skill      XL: |  1  2  3  4  5  6  7  8  9 10 11 12 13 |
---------------+----------------------------------------+-----
Dodging        | 3 4 5 7 8 12 11 | 12.3
Stealth        | 1 2 3 4 5 7 8 10 13 14 | 14.3
Shapeshifting  | 4 5 6 7 |  7.2
Unarmed Combat | 4 6 9 7 10 13 | 13.1
Hexes          | 2 6 7 8 9 10 | 10.0
Spellcasting   | 2 3 4 |  4.0
Invocations    | 1 3 5 8 10 11 | 11.4
Ice Magic      | 1 4 |  4.0
Fighting       | 3 4 5 6 8 |  8.3
Evocations     | 3 4 |  4.0
Summonings     | 1 |  1.0

Action                     |  1- 3 |  4- 6 |  7- 9 | 10-12 | 13-15 || total
---------------------------+-------+-------+-------+-------+-------++-------
  Melee: Unarmed           |    67 |    85 |   335 |   433 |   191 ||  1111
         Bite              |     5 |    13 |    34 |    65 |    27 ||   144
         Punch             |     2 |     3 |    20 |    32 |    21 ||    78
   Cast: Ensorcelled Hiber |       |       |    29 |    85 |    13 ||   127
         Ozocubu's Armour  |       |       |     2 |    12 |     5 ||    19
         Summon Guardian G |       |       |       |     3 |     2 ||     5
 Invoke: Stomp             |       |       |     4 |    19 |     6 ||    29
         Line Pass         |       |       |     2 |     7 |     2 ||    11
         Grand Finale      |       |       |       |       |     1 ||     1
  Evoke: Wand              |       |       |       |    11 |     2 ||    13
    Use: Scroll            |       |     2 |     6 |    12 |     1 ||    21
         Potion            |       |     2 |       |    16 |     2 ||    20
   Stab: Sleeping          |     4 |     5 |    22 |    54 |    23 ||   108
         Paralysed         |       |       |    19 |    36 |    15 ||    70
         Distracted        |       |       |     1 |     2 |     2 ||     5
         Invisible         |       |       |       |    11 |       ||    11
         Confused          |       |       |       |     2 |     1 ||     3
         Petrified         |       |       |       |     1 |       ||     1
 Armour: Skin              |     4 |     1 |    11 |    44 |     7 ||    67
  Dodge: Dodged            |    46 |    67 |   342 |   529 |   176 ||  1160

Table legend: (Time is in decaauts)
 A = Elapsed time spent in this place.
 B = Non-inter-level travel time spent in this place.
 C = Inter-level travel time spent in this place.
 D = Time resting spent in this place.
 E = Time spent auto-exploring this place.
 F = Levels seen in this place.
 G = Mean time per level.
                   A        B        C        D        E       F      G
               +--------+--------+--------+--------+--------+-----+--------+
         Total |  16908 |  16096 |    812 |   2938 |   9926 |  21 |  805.1 |
       Dungeon |  10576 |   9922 |    654 |   1491 |   6427 |  14 |  755.4 |
        Temple |     17 |      3 |     14 |      0 |      0 |   1 |   17.0 |
          Lair |   6293 |   6149 |    144 |   1447 |   3499 |   5 | 1258.6 |
  Orcish Mines |     21 |     21 |      0 |      0 |      0 |   1 |   21.0 |
               +--------+--------+--------+--------+--------+-----+--------+

Top non-repeatable levels by time:
  Lair:5: 2009 daAuts
  Lair:2: 1324 daAuts
     D:4: 1104 daAuts
     D:5: 1072 daAuts
  Lair:4: 1034 daAuts
    D:12: 1016 daAuts
  Lair:1: 997 daAuts
     D:9: 987 daAuts
     D:7: 947 daAuts
  Lair:3: 927 daAuts
    D:11: 856 daAuts
     D:3: 805 daAuts
    D:13: 789 daAuts
     D:2: 647 daAuts
     D:6: 635 daAuts
